AoeStats
← Hardware

Black Forest

510546747Analyzed
3v3 RM · 1d ago on Oct 1, 2026· 55m 28s· 6 players
Game mode
Random Map
Map size
Normal (6 player)
Population
200
Speed
Normal
Resources
Standard
Victory
Conquest
Starting age
Dark Age
Ending age
Imperial Age
RankedLock teamsTeams togetherTeam positionsShared explorationLock speedFull tech treeHidden civsTurbo modeCheats
Victory
Defeat
🇹🇷 Britons · Türkiye
819
+17
🇧🇷 Spanish · Brazil
747
+20
🇫🇷 Teutons · France
709
+21
🇷🇺 Italians · Russia
1000
-99
891
-70
🇷🇺 Aztecs · Russia
591
-10
ApollonTour
0:37 Loom
12:16 Feudal Age
16:38 Horse Collar
16:53 Double-Bit Axe
18:58 Wheelbarrow
22:23 Castle Age
20:47 Stone Mining
21:02 Gold Mining
23:19 Heavy Plow
23:39 Bow Saw
24:58 Hand Cart
24:29 Town Watch
28:45 Ballistics
35:25 Imperial Age
32:55 Fletching
34:07 Masonry
34:02 Bodkin Arrow
34:46 Stone Shaft Mining
34:55 Ironclad
35:01 Town Patrol
36:35 Conscription
37:36 Chemistry
38:40 Two-Man Saw
38:17 Crop Rotation
39:19 Siege Engineers
39:32 Heavy Scorpion
43:59 Forging
43:50 Scale Mail Armor
43:44 Pikeman
44:10 Gambesons
44:25 Squires
44:11 Arson
48:23 Iron Casting
48:04 Chain Mail Armor
53:11 Fervor
theilor.taiariol
14:53 Feudal Age
19:27 Double-Bit Axe
19:26 Horse Collar
23:06 Castle Age
21:35 Man-at-Arms
23:33 Forging
25:42 Gambesons
26:59 Bow Saw
29:21 Scale Barding Armor
30:08 Heavy Plow
32:57 Long Swordsman
33:54 Scale Mail Armor
34:45 Iron Casting
34:53 Chain Barding Armor
35:14 Squires
35:00 Arson
37:13 Husbandry
37:23 Bloodlines
38:42 Chain Mail Armor
43:47 Imperial Age
43:11 Wheelbarrow
42:22 Town Watch
42:22 Loom
43:27 Pikeman
44:09 Two-Handed Swordsman
45:58 Hand Cart
45:43 Town Patrol
46:59 Plate Mail Armor
47:04 Plate Barding Armor
47:30 Blast Furnace
46:22 Fletching
46:32 Padded Archer Armor
47:15 Cavalier
47:17 Light Cavalry
47:21 Two-Handed Swordsman
47:30 Halberdier
48:48 Conscription
48:53 Supremacy
48:38 Paladin
50:07 Elite Conquistador
Hardware
0:46 Loom
14:37 Feudal Age
15:40 Man-at-Arms
21:04 Castle Age
21:14 Crossbowman
21:17 Long Swordsman
27:19 Elite Skirmisher
35:54 Imperial Age
34:29 Horse Collar
34:37 Double-Bit Axe
37:23 Two-Handed Swordsman
37:26 Arbalester
42:14 Chemistry
41:35 Ballistics
41:45 Padded Archer Armor
41:36 Fletching
41:18 Cavalier
42:19 Capped Ram
43:37 Elite Longbowman
45:20 Husbandry
45:31 Scale Barding Armor
45:42 Leather Archer Armor
45:22 Bodkin Arrow
45:38 Forging
45:57 Bow Saw
45:51 Heavy Plow
47:28 Warwolf
47:49 Conscription
48:24 Light Cavalry
49:28 Chain Barding Armor
49:39 Ring Archer Armor
49:04 Bodkin Arrow
49:45 Iron Casting
49:10 Scale Mail Armor
48:54 Treadmill Crane
49:07 Gold Mining
49:08 Stone Mining
50:26 Two-Man Saw
52:05 Gold Shaft Mining
52:19 Bracer
52:55 Plate Barding Armor
52:25 Onager
56:09 Blast Furnace
55:24 Chain Mail Armor
халяльная свага
12:23 Feudal Age
13:55 Horse Collar
14:02 Double-Bit Axe
18:00 Castle Age
17:15 Gold Mining
20:08 Fletching
21:33 Bodkin Arrow
22:54 Thumb Ring
26:18 Padded Archer Armor
26:26 Scale Barding Armor
27:34 Wheelbarrow
27:01 Heavy Plow
27:21 Bow Saw
29:25 Ballistics
30:32 Heavy Plow
34:07 Nomads
34:16 Loom
34:46 Hand Cart
34:19 Town Watch
43:29 Imperial Age
43:15 Masonry
45:40 Chemistry
49:47 Heavy Cavalry Archer
50:52 Parthian Tactics
55:17 Onager
Tendo
14:00 Feudal Age
14:24 Horse Collar
14:31 Double-Bit Axe
16:01 Wheelbarrow
15:12 Loom
17:13 Gold Mining
22:49 Fletching
23:00 Padded Archer Armor
26:56 Castle Age
27:06 Stone Mining
27:31 Scale Mail Armor
27:56 Hand Cart
28:04 Leather Archer Armor
29:48 Crossbowman
34:29 Pikeman
35:11 Squires
36:32 Bodkin Arrow
37:13 Thumb Ring
38:15 Bow Saw
38:45 Stone Shaft Mining
48:42 Imperial Age
50:47 Elite Genoese Crossbowman
jesse.
12:58 Feudal Age
13:28 Double-Bit Axe
13:27 Horse Collar
14:37 Wheelbarrow
17:17 Town Watch
17:58 Arson
18:40 Man-at-Arms
19:27 Stone Mining
24:17 Castle Age
23:07 Scale Mail Armor
23:48 Padded Archer Armor
26:50 Elite Skirmisher
31:11 Padded Archer Armor
31:10 Fletching
33:47 Hand Cart
33:44 Bow Saw
33:38 Heavy Plow
34:34 Murder Holes
34:32 Guard Tower
35:22 Town Patrol
36:55 Chain Mail Armor
40:16 Ballistics
39:25 Pikeman
40:26 Squires
40:16 Gambesons
45:56 Forging
Connection lost

Rejoining the realm…

Still unreachable

The connection could not be restored.

Session expired

The server has moved on; the page needs a fresh start.